Map: Kairos Junction LE

Players

goblin - Winner!

  • Race: Protoss Protoss
  • Spawn Location: 5:00

HolyHit

  • Race: Protoss Protoss
  • Spawn Location: 11:00

Event: 2019 WCS Summer

VOD

Have the link to the VOD?

Description

Time

  • Played on: July 12, 2019, 7:29 a.m.
  • Length: 5:30

All games in this series

Show
View Real Time Build Order
Export as new Build Order

goblin Protoss - Winner!

Build Orders:  

Get SALT Encoding   

  12  0:00  Probe  
  13  0:12  Probe  
  14  0:17  Pylon  
  14  0:24  Probe  
  15  0:32  Probe  
  15  0:37  Gateway  
  15  0:40  Probe  
  16  0:46  Assimilator  
  17  0:51  Probe  
  17  0:54  Assimilator  
  18  0:59  Probe  
  19  1:07  Probe  
  19  1:10  Gateway  
  19  1:17  Probe  
  20  1:25  Cybernetics Core  
  21  1:29  Probe  
  22  1:34  Pylon  
  22  1:41  Probe  
  24  2:01  Adept x2, Warp Gate  
  27  2:05  Robotics Facility  
  27  2:11  Pylon  
  27  2:15  Probe  
  28  2:31  Stalker x2  
  32  2:42  Immortal  
  32  2:49  Shield Battery  
  36  3:13  Warp Prism, Pylon  
  38  3:49  Observer  
  38  3:52  Stalker x2  
  43  4:08  Gateway  
  47  4:19  Sentry x2, Pylon  
  47  4:21  Pylon  
  47  4:22  Shield Battery  
  47  4:43  Immortal  
  51  4:50  Stalker x2  
  51  5:03  Pylon  
  49  5:19  Zealot  
  49  5:20  Zealot x2  
Show
View Real Time Build Order
Export as new Build Order

HolyHit Protoss 

Build Orders: Oracle Opening 

Get SALT Encoding   

  12  0:00  Probe  
  13  0:13  Probe  
  14  0:17  Pylon  
  14  0:24  Probe  
  15  0:32  Probe  
  15  0:37  Gateway  
  15  0:40  Probe  
  16  0:46  Assimilator  
  17  0:51  Probe  
  17  0:55  Assimilator  
  18  1:00  Probe  
  19  1:08  Probe  
  19  1:11  Gateway  
  19  1:17  Probe  
  20  1:24  Cybernetics Core  
  21  1:29  Probe  
  22  1:34  Pylon  
  22  1:42  Probe  
  23  1:54  Probe  
  24  1:57  Warp Gate  
  24  2:02  Stalker x2  
  28  2:12  Pylon  
  28  2:18  Probe  
  29  2:26  Pylon  
  29  2:32  Stargate  
  29  2:35  Adept  
  31  2:38  Adept  
  33  2:57  Shield Battery  
  33  3:06  Void Ray, Nexus  
  33  3:13  Shield Battery  
  36  3:20  Shield Battery  
  38  3:29  Shield Battery  
  38  3:31  Shield Battery  
  38  3:33  Pylon  
  34  3:51  Stalker x2  
  34  3:53  Oracle  
  39  4:10  Pylon  
  39  4:15  Probe  
  40  4:20  Stalker  
  40  4:21  Stalker  
  44  4:38  Void Ray  
  43  4:45  Adept  
  40  4:56  Adept  
  36  5:06  Sentry  
  35  5:17  Stalker  
Tags
 
Add a new tag
Caveats
  • Supply blocks, unpowered buildings, or Contaminate may cause inaccurate times.
  • Supply counts are checked every 10 seconds.